 Dungeon Crawl Stone Soup version 0.22-a0-21-g9421e3f (webtiles) character file.

35 Lanoc the Slasher (level 3, 0/49 HPs)
             Began as a Draconian Berserker on Jan 2, 2018.
             Was a Believer of Trog.
             Succumbed to an adder's poison
             ... on level 2 of the Dungeon.
             The game lasted 00:01:15 (598 turns).

Lanoc the Slasher (Draconian Berserker)              Turns: 598, Time: 00:01:15

Health: 0/49       AC:  5    Str: 25    XL:     3   Next: 16%
Magic:  3/3        EV: 12    Int:  7    God:    Trog [**....]
Gold:   79         SH:  0    Dex: 10    Spells: 2/2 levels left

rFire    . . .     SeeInvis .   a - +0 falchion
rCold    . . .     Gourm    .   (no shield)
rNeg     . . .     Faith    .   (armour unavailable)
rPois    .         Spirit   .   (helmet restricted)
rElec    .         Reflect  .   (no cloak)
rCorr    .         Harm     .   (no gloves)
MR       .....                  (no boots)
Stlth    ..........             (no amulet)
HPRegen  0.16/turn              (no ring)
MPRegen  0.08/turn              (no ring)

@: berserking (expiring), lethally poisoned (0 -> -4), very quick
A: unfitting armour, cold-blooded, AC +5
a: Berserk, Trog's Hand, Burn Spellbooks, Renounce Religion


You were on level 2 of the Dungeon.
You worshipped Trog.
Trog was pleased with you.
You were not hungry.

You visited 1 branch of the dungeon, and saw 2 of its levels.

You collected 79 gold pieces.

Inventory:

Hand Weapons
 a - a +0 falchion (weapon)
Scrolls
 c - a scroll of teleportation {unknown}
 d - 5 scrolls of remove curse {unknown}
Potions
 e - a potion of invisibility {unknown}
 f - a potion of might {unknown}
Comestibles
 b - 3 rations


   Skills:
 + Level 3.6 Fighting
 * Level 3.7 Long Blades
 + Level 3.0 Dodging


You had 2 spell levels left.
You didn't know any spells.

Dungeon Overview and Level Annotations

Branches:
Dungeon (2/15)

Altars:


Innate Abilities, Weirdness & Mutations

Your plain brown scales are hard. (AC +5)
You cannot fit into any form of body armour.
You are cold-blooded and may be slowed by cold attacks.


Message History

You slash the adder!
You kill the adder!
Trog accepts your kill.
You have reached level 3!
Your experience leads to an increase in your attributes!
Your base attributes are Str 19, Int 7, Dex 10.
Increase (S)trength, (I)ntelligence, or (D)exterity?
You feel stronger.
Your scales feel tougher.
* * * LOW HITPOINT WARNING * * *
You feel sick. The quokka bites you.
* * * LOW HITPOINT WARNING * * *
You are too berserk!
You slash the quokka!
You feel the power of Trog in you as your rage grows.
You kill the quokka!
Trog accepts your kill.
You see here a quokka corpse.
You butcher the quokka corpse.
You feel a strong urge to attack something.
You die...

#.... #..#.## #.#
..## ## #.#
#..######## #. #.#
#.........# #.
#.###.........###.
#.##..........##(.
##.#..#.......)#..<
#.@..##......†...#.
#.......#.#..#####.
....<#.........# #.
.......#.....(..##
#.
.......##........#
#.
................##
#.
.......#####.####
#. .....## #.# #.


There were no monsters in sight!

Vanquished Creatures
  An adder (D:2)
  3 bats (D:1)
  2 goblins (D:1)
  2 hobgoblins
  4 jackals (D:1)
  2 kobolds
  A quokka (D:2)
  A ball python (D:1)
  3 frilled lizards
  5 rats
24 creatures vanquished.

Notes
Turn   | Place    | Note
-------+----------+-------------------------------------------
     0 | D:1      | Lanoc the Draconian Berserker began the quest for the Orb.
     0 | D:1      | Reached XP level 1. HP: 19/19 MP: 1/1
   187 | D:1      | Reached XP level 2. HP: 17/26 MP: 2/2
   568 | D:2      | Reached ** piety under Trog
   595 | D:2      | Reached XP level 3. HP: 4/33 MP: 3/3
   595 | D:2      | HP: 1/49 [quokka (3)]
   598 | D:2      | Succumbed to an adder's poison

Vault maps used:
D:1:      minmay_arrival_semitransparent, minivault_11
D:2:      st_stairs_7, kennysheep_generic_room_11

Skill      XL: |  1  2 |
---------------+-------+-----
Dodging        | 3 |  3.0
Fighting       | |  3.6
Long Blades    | |  3.7

Action                   || total
-------------------------++-------
Melee: Falchion          ||    57
       Tailslap          ||     5
Invok: Berserk           ||     1
Armor: Skin              ||    19
Dodge: Dodged            ||    47
       Rpst.: Falchion   ||    14

Table legend:
 A = Spawn XP
 B = Non-spawn XP
 C = Spawn XP percentage of total XP
 D = Spawn monster count
 E = Non-spawn monster count
 F = Spawn count percentage of total count
 G = Total turns spent on level
                    A         B        C        D         E        F      G
               +---------+---------+-------+---------+---------+-------+---------
         Total |       0 |      50 |   0.0 |       0 |      24 |   0.0 |   598
               +---------+---------+-------+---------+---------+-------+---------
           D:1 |       0 |      28 |   0.0 |       0 |      17 |   0.0 |   560
           D:2 |       0 |      22 |   0.0 |       0 |       7 |   0.0 |    38
               +---------+---------+-------+---------+---------+-------+---------
